 Dungeon Crawl Stone Soup version 0.30.1-11-g7821555f0a (webtiles) character file.

Game seed: 17977356616768928635

180866 xexx the Necromancer (level 18, -14/124 HPs)
             Began as a Human Gladiator on Jan 12, 2024.
             Was the Champion of Hepliaklqana.
             Demolished by an alligator snapping turtle (26 damage)
             ... on level 4 of the Shoals on Jan 14, 2024.
             The game lasted 01:13:41 (34321 turns).

xexx the Necromancer (Human Gladiator)             Turns: 34321, Time: 01:13:42

Health: -14/124    AC: 11    Str: 20    XL:     18   Next: 97%
Magic:  30/31      EV: 20    Int: 16    God:    Hepliaklqana [******]
Gold:   1408       SH:  5    Dex: 22    Spells: 4/23 levels left

rFire   + . .        Z - +5 great sword (flame)
rCold   . . .        (shield currently unavailable)
rNeg    . . .        A - +4 robe of Augmentation {Str+4 Int+4 Dex+4}
rPois   .            X - +0 helmet {SInv}
rElec   .            B - +0 cloak
rCorr   .            Y - +0 pair of gloves
SInv    +            (no boots)
Will    +....        L - amulet of reflection
Stlth   ++           j - ring of magical power
HPRegen 0.40/turn    G - ring of protection from fire
MPRegen 0.22/turn

%: reflection
@: no status effects
A: reduced essence
a: Renounce Religion, Recall Ancestor, Ancestor Identity, Transference, Idealise


You were on level 4 of the Shoals.
You worshipped Hepliaklqana.
Hepliaklqana was exalted by your worship.
You visited 4 branches of the dungeon, and saw 26 of its levels.
You also visited: Ossuary.

You collected 2296 gold pieces.
You spent 888 gold pieces at shops.

Inventory:

Hand Weapons
 e - a +6 great sword of venom
 u - a +3 dagger of chaos
 Z - a +5 great sword of flaming (weapon)
Missiles
 k - 26 poisoned darts (quivered)
 V - 7 throwing nets
Armour
 d - a +3 leather armour of poison resistance
 h - a +2 leather armour of fire resistance
 p - a +2 chain mail of willpower
 A - the +4 robe of Augmentation (worn) {Str+4 Int+4 Dex+4}
   (You found it on level 11 of the Dungeon)

   Str:       It affects your strength (+4).
   Int:       It affects your intelligence (+4).
   Dex:       It affects your dexterity (+4).
 B - a +0 cloak (worn)
 Q - a +4 ring mail of fire resistance
 R - the +4 plate armour of Wasted Space {rC++ Dex+3 Slay+5}
   (You found it on level 4 of the Lair of Beasts)

   Dex:       It affects your dexterity (+3).
   Slay:      It affects your accuracy & damage with ranged weapons and melee
   (+5).
   rC:        It greatly protects you from cold.
 X - a +0 helmet of see invisible (worn)
 Y - a +0 pair of gloves (worn)
Magical Staves
 f - a staff of poison
Jewellery
 j - a ring of magical power (left hand)
 n - a ring of see invisible
 t - a +6 ring of intelligence
 y - a ring of positive energy
 G - a ring of protection from fire (right hand)
 L - an amulet of reflection (around neck)
Wands
 g - a wand of roots (6)
 s - a wand of flame (8)
 E - a wand of charming (6)
 J - a wand of polymorph (5)
 U - a wand of mindburst (6)
Scrolls
 c - a scroll of torment
 m - 5 scrolls of teleportation
 v - a scroll of amnesia
 x - 3 scrolls of vulnerability
 F - 5 scrolls of identify
 M - 2 scrolls of fog
 P - 4 scrolls of fear
 T - 3 scrolls of magic mapping
 W - 3 scrolls of immolation
Potions
 b - 2 potions of lignification
 i - 4 potions of mutation
 l - 4 potions of ambrosia
 o - 14 potions of curing
 q - 5 potions of attraction
 r - 4 potions of brilliance
 z - 8 potions of flight
Miscellaneous
 D - a condenser vane (inert)
 K - a lightning rod (inert)
 N - a phantom mirror (inert)


   Skills:
 + Level 11.6 Fighting
 + Level 15.4 Long Blades
 - Level 2.0 Throwing
 + Level 11.3 Armour
 + Level 10.3 Dodging
 - Level 3.0 Spellcasting
 * Level 18.1 Necromancy
 - Level 8.2 Poison Magic


You had 4 spell levels left.
You knew the following spells:

 Your Spells              Type           Power      Damage    Failure   Level
a - Olgreb's Toxic Radia  Pois           28%        N/A       6%          4
b - Animate Dead          Necr           57%        N/A       1%          4
c - Death Channel         Necr           28%        N/A       1%          6
d - Ignite Poison         Fire/Tmut/Pois 11%        N/A       19%         3
e - Passwall              Tmut/Erth      1%         N/A       28%         2

Your spell library contained the following spells:

 Spells                   Type           Power      Damage    Failure   Level
 Necrotise                Necr           100%       1d9       0%          1
 Kiss of Death            Conj/Necr      100%       2d13      1%          1
 Cigotuvi's Dreadful Rot  Necr/Pois/Air  60%        N/A       1%          2
 Vampiric Draining        Necr           57%        2d10      1%          3
 Sting                    Tmut/Pois      60%        1d6       3%          1
 Anguish                  Hex/Necr       15%        N/A       4%          4
 Poisonous Vapours        Pois/Air       30%        N/A       5%          2
 Sandblast                Erth           4%         2d4       19%         1
 Shock                    Conj/Air       8%         1d3       19%         1
 Summon Small Mammal      Summ           8%         N/A       19%         1
 Ensorcelled Hibernation  Hex/Ice        4%         N/A       28%         2
 Scorch                   Fire           4%         2d5       28%         2
 Call Canine Familiar     Summ           2%         N/A       50%         3
 Dazzling Flash           Conj/Hex       4%         N/A       50%         3
 Stone Arrow              Conj/Erth      4%         3d7       50%         3
 Summon Guardian Golem    Hex/Summ       2%         N/A       50%         3
 Swiftness                Air            2%         N/A       50%         3
 Volatile Blastmotes      Fire/Tloc      4%         2d10      50%         3
 Airstrike                Air            1%         2d(1-17)  88%         4
 Flame Wave               Conj/Fire      2%         2d4       88%         4
 Iskenderun's Mystic Bla  Conj/Tloc      2%         2d3       88%         4
 Leda's Liquefaction      Hex/Erth       1%         N/A       88%         4
 Agony                    Necr           57%        N/A       1%          5
 Borgnjor's Vile Clutch   Necr/Erth      15%        N/A       13%         5
 Borgnjor's Revivificati  Necr           28%        N/A       58%         8
 Fireball                 Conj/Fire      1%         3d3       99%         5
 Freezing Cloud           Conj/Ice/Air   1%         6-21      99%         5
 Iskenderun's Battlesphe  Conj           2%         2d6       99%         5
 Lee's Rapid Deconstruct  Erth           1%         3d4*      99%         5
 Conjure Ball Lightning   Conj/Air       1%         3x3d6     100%        6
 Starburst                Conj/Fire      1%         6d3       100%        6
 Statue Form              Tmut/Erth      1%         N/A       100%        6
 Summon Cactus Giant      Summ           1%         N/A       100%        6
 Orb of Destruction       Conj           1%         9d5       100%        7
 Necromutation            Tmut/Necr      15%        N/A       100%        8
 Death's Door             Necr           28%        N/A       100%        9


Dungeon Overview and Level Annotations

Branches:
Dungeon (15/15)            Temple (0/1) D:5            Lair (5/5) D:8
 Shoals (4/4) Lair:2        Snake (0/4) Lair:2        Slime (0/5) Lair:5
    Orc (2/2) D:11            Elf (0/3) Orc:2        Vaults (0/5) D:14
 Depths (0/4) D:15        Ossuary (visited)

Altars:
Ashenzari
Cheibriados
Dithmenos
Elyvilon
Gozag
Hepliaklqana
Kikubaaqudgha
Nemelex Xobeh
Okawaru
Qazlal
Uskayaw
Vehumet
Zin
Jiyva

Shops:
D:4 =   D:10 *   Orc:2 **!(:

Annotations:
D:4 3 runed translucent doors, middlethird's ghost, amateur VSTm; thestarryknight's ghost, amateur DrWn
D:10 3 runed translucent doors, Curundu's ghost, novice MiBe
D:15 3 runed translucent doors, MuffinSoup's ghost, journeyman OpHW
Shoals:3 Bai Suzhen


Message History

Aiming: Corrosive Bolt
Press: ? - help, Shift-Dir - straight line, f/p - alligator snapping turtle
Aim: an alligator snapping turtle (lightly wounded, covered in acid, 100% to hit)
The bolt of acid hits the alligator snapping turtle!
The alligator snapping turtle seems to be corroded for longer.
The alligator snapping turtle is moderately wounded.
Aiming: Corrosive Bolt
Press: ? - help, Shift-Dir - straight line, f/p - alligator snapping turtle
Aim: an alligator snapping turtle (moderately wounded, covered in acid, 100% to hit)
The bolt of acid hits the alligator snapping turtle.
The alligator snapping turtle seems to be corroded for longer.
The alligator snapping turtle is moderately wounded.
The now-empty wand crumbles to dust.
The alligator snapping turtle barely misses you.
Okay, then.
Okay, then.
There is a stone staircase leading up here.
You slash the alligator snapping turtle!
You burn the alligator snapping turtle.
The alligator snapping turtle is heavily wounded.
The alligator snapping turtle bites you!
You hit the alligator snapping turtle. You burn the alligator snapping turtle.
The alligator snapping turtle is heavily wounded.
The alligator snapping turtle barely misses you.
You hit the alligator snapping turtle. You burn the alligator snapping turtle.
The alligator snapping turtle is heavily wounded.
The alligator snapping turtle bites you!!
* * * LOW HITPOINT WARNING * * *
Okay, then.
You slash the alligator snapping turtle!
You burn the alligator snapping turtle!
The alligator snapping turtle is severely wounded.
You slice the alligator snapping turtle!!
You burn the alligator snapping turtle!
The alligator snapping turtle is almost dead.
The alligator snapping turtle bites you but does no damage.
You completely miss the alligator snapping turtle.
The alligator snapping turtle is almost dead.
The alligator snapping turtle bites you!!
You die...

≈≈≈≈≈≈≈~~~~~
≈≈≈≈≈≈~~~.. ~.
≈≈≈≈≈~~~..PPP~
≈≈≈≈≈~~~.P PP ~
≈~~~~~.# .## .P ≈
~~~~.##P.#.PP ≈~~
#......[...P
≈~~~.##t.......~~
≈~~~....@~~~..?~~
≈≈~~~~~~~..~~~~~~
≈≈~~~~~~~~~~~~~~≈
≈≈≈~~~~~~~~~~~~≈≈
≈≈≈≈≈≈≈~~~~~~~≈≈≈
≈≈≈≈≈≈≈≈≈≈~~~≈≈≈≈
≈≈≈≈≈≈≈≈≈≈≈≈≈≈≈≈≈
≈≈≈≈≈≈≈≈≈≈≈≈≈≈≈≈≈
≈≈≈≈≈≈≈≈≈≈≈≈≈≈≈


You could see an alligator snapping turtle (corroded).

Vanquished Creatures
  Nikola (Lair:2)
  A fire giant (D:15)
  Ilsuiw (Shoals:2)
  An orc warlord (Orc:1)
  A dire elephant (Lair:4)
  A merfolk javelineer (Shoals:3)
  Josephine (D:15)
  3 merfolk impalers
  2 centaur warriors
  5 hydras
  2 merfolk avatars
  4 merfolk aquamancers
  3 two-headed ogres
  2 alligator snapping turtles
  5 boulder beetles
  2 tengu warriors
  A satyr (Shoals:2)
  4 death yaks
  2 orc high priests (Orc:2)
  5 skysharks
  4 sea snakes
  10 harpies
  2 deep elf pyromancers
  4 orc knights
  An oklob plant (Lair:1)
  A wolf spider (D:15)
  5 cyclopes
  11 ugly things (D:14)
  5 orc sorcerers
  5 fauns
  A guardian serpent (Lair:2)
  9 manticores
  13 elephants
  6 merfolk sirens
  A torpor snail (Lair:2)
  2 water nymphs
  2 gargoyles
  5 cane toads
  Maggie (D:7)
  6 black mambas
  A kobold demonologist (D:11)
  2 efreet (D:15)
  2 rime drakes
  A freezing wraith (D:14)
  5 komodo dragons
  Psyche (D:8)
  5 trolls
  21 merfolk
  A hornet (Lair:5)
  Grinder (D:3)
  4 polar bears
  3 wind drakes
  6 blink frogs
  6 snapping turtles
  A centaur simulacrum (D:14)
  46 yaks
  10 water elementals
  4 wyverns
  7 slime creatures
  4 wraiths
  2 basilisks
  4 vampire mosquitoes
  Menkaure (Ossuary)
  3 steam dragons
  A warg (D:11)
  9 water moccasins
  Duvessa (D:6)
  An acid dragon (D:13)
  An ice beast (D:3)
  18 orc warriors
  2 black bears (D:6)
  4 ogres
  10 centaurs
  10 wolves (Lair:2)
  A kobold brigand (D:8)
  An elf zombie (Ossuary)
  8 bullfrogs
  A gnoll sergeant (D:10)
  A scorpion (D:5)
  A water moccasin zombie (Lair:5)
  7 wights
  A troll zombie (Ossuary)
  Dowan (D:6)
  5 killer bees (D:10)
  4 howler monkeys
  2 centaur zombies (Ossuary)
  A lava snake (D:10)
  A human zombie (Ossuary)
  4 jellies
  13 orc priests
  2 hexers
  2 iguanas
  25 orc wizards
  5 hell rats
  2 ogre zombies (Ossuary)
  4 mummies (Ossuary)
  6 gnolls
  7 adders
  A river rat (D:8)
  2 shadow imps
  An ufetubus (D:5)
  4 adder zombies (Ossuary)
  A worm (D:3)
  A dart slug (D:1)
  54 orcs
  4 endoplasms
  5 hobgoblins
  10 jackals
  12 kobolds
  6 quokkas
  6 ball pythons
  4 bats
  4 frilled lizards
  4 goblins
  2 goblin zombies (Ossuary)
  4 hobgoblin zombies (Ossuary)
  4 kobold zombies (Ossuary)
  4 quokka zombies (Ossuary)
  4 rats (D:8)
  3 rat zombies (Ossuary)
  A spectral orc (D:4)
585 creatures vanquished.

Vanquished Creatures (collateral kills)
  An ironbound preserver (D:14)
  Nessos (D:15)
  Snorg (D:13)
  4 hydras
  A boulder beetle (D:11)
  2 centaur warriors
  An alligator snapping turtle (Shoals:3)
  A two-headed ogre (D:11)
  2 death yaks (D:8)
  An orc high priest (Orc:2)
  3 skysharks
  A wizard (D:15)
  2 orc knights (Orc:2)
  A deep elf pyromancer (D:14)
  2 cyclopes (D:14)
  An orc sorcerer (Orc:1)
  8 ugly things
  4 manticores
  11 elephants
  A gargoyle (D:11)
  3 cane toads
  2 rime drakes
  3 komodo dragons
  A polar bear (Lair:5)
  A wolf spider simulacrum (D:15)
  2 snapping turtles
  5 blink frogs
  14 yaks
  A spriggan (Lair:4)
  A vampire (D:14)
  2 basilisks
  2 wargs (Orc:1)
  2 water moccasins
  A black bear (Lair:1)
  2 orc warriors (Orc:2)
  A sky beast (D:7)
  2 ogres
  A wolf (Lair:3)
  2 bullfrogs
  2 wights
  An electric eel (Lair:2)
  A howler monkey (D:6)
  4 orc priests
  2 hounds
  A sleepcap (D:6)
  Crazy Yiuf (D:6)
  A gnoll bouda (D:6)
  4 orc wizards
  A hell rat (Lair:3)
  2 mummies (Ossuary)
  A gnoll (D:6)
  An adder zombie (Ossuary)
  14 orcs
  A rat zombie (Ossuary)
134 creatures vanquished.

Vanquished Creatures (others)
  A wizard (D:15)
  A fire giant zombie (D:15)
  A merfolk (Shoals:1)
  3 slime creature zombies (D:15)
  A tengu zombie (D:13)
  2 cane toad zombies
  A water moccasin zombie (Lair:4)
  4 yak zombies (Lair:4)
  5 centaur zombies (D:14)
  A bullfrog zombie (Lair:4)
  10 hexers
  An ogre zombie (Orc:2)
  2 ancestors
  24 orc zombies
57 creatures vanquished.

Grand Total: 776 creatures vanquished

Notes
Turn   | Place    | Note
-------+----------+-------------------------------------------
     0 | D:1      | xexx the Human Gladiator began the quest for the Orb.
     0 | D:1      | Reached XP level 1. HP: 16/16 MP: 1/1
   142 | D:1      | Reached XP level 2. HP: 22/22 MP: 2/2
   433 | D:1      | Reached XP level 3. HP: 26/27 MP: 3/3
  1672 | D:2      | Reached XP level 4. HP: 33/33 MP: 4/4
  2004 | D:2      | Reached skill level 5 in Long Blades
  2008 | D:2      | Reached XP level 5. HP: 19/38 MP: 5/5
  2146 | D:3      | Found a sparkling altar of Nemelex Xobeh.
  2159 | D:3      | Found a snail-covered altar of Cheibriados.
  2165 | D:3      | Found a hide-covered altar of Uskayaw.
  2212 | D:3      | Found a glowing silver altar of Zin.
  2229 | D:3      | Noticed an ice beast
  2243 | D:3      | Killed an ice beast
  2244 | D:3      | Reached XP level 6. HP: 26/44 MP: 6/6
  2396 | D:3      | Found a broken altar of Ashenzari.
  2430 | D:3      | Found a shadowy altar of Dithmenos.
  2525 | D:3      | You fall into a shaft and drop 1 floor!
  2525 | D:4      | Found a runed translucent gate.
  2525 | D:4      | Found a runed translucent gate.
  2526 | D:4      | Found a runed translucent gate.
  2714 | D:3      | Found a white marble altar of Elyvilon.
  2856 | D:4      | Noticed Grinder
  2940 | D:3      | Killed Grinder
  2941 | D:3      | Reached XP level 7. HP: 30/50 MP: 7/7
  3042 | D:4      | Found Wisued's Jewellery Boutique.
  3229 | D:4      | Reached skill level 1 in Poison Magic
  3358 | D:4      | Found a hazy altar of Hepliaklqana.
  3380 | D:4      | Became a worshipper of Hepliaklqana the Forgotten
  3450 | D:4      | Noticed middlethird's ghost (amateur VSTm)
  3451 | D:4      | Noticed thestarryknight's ghost (amateur DrWn)
  3488 | D:5      | Entered Level 5 of the Dungeon
  3535 | D:5      | Found a staircase to the Ecumenical Temple.
  3564 | D:5      | Reached skill level 1 in Armour
  3663 | D:5      | Found a sand-covered staircase.
  3671 | Ossuary  | Entered an ossuary
  4043 | Ossuary  | Reached XP level 8. HP: 54/57 MP: 8/8
  4207 | Ossuary  | Noticed Menkaure
  4228 | Ossuary  | Reached * piety under Hepliaklqana
  4247 | Ossuary  | Killed Menkaure
  5418 | D:6      | Noticed Dowan
  5419 | D:6      | Noticed Duvessa
  5445 | D:6      | Killed Duvessa
  5446 | D:6      | Reached XP level 9. HP: 54/57 MP: 9/9
  5553 | D:6      | Killed Dowan
  5810 | D:5      | Learned a level 4 spell: Olgreb's Toxic Radiance
  6384 | D:6      | Reached skill level 1 in Spellcasting
  6384 | D:6      | Reached skill level 5 in Poison Magic
  6654 | D:6      | Reached ** piety under Hepliaklqana
  6655 | D:6      | Remembered your ancestor Udjahorresnet as a hexer
  6751 | D:6      | Found a runed translucent door.
  6752 | D:6      | Noticed Crazy Yiuf
  6757 | D:6      | Killed Crazy Yiuf
  6967 | D:7      | Noticed Maggie
  6978 | D:7      | Killed Maggie
  7322 | D:7      | Reached XP level 10. HP: 60/65 MP: 14/14
  7525 | D:7      | Found an iron altar of Okawaru.
  7987 | D:8      | Noticed a manticore
  8024 | D:8      | Killed a manticore
  8025 | D:8      | Reached skill level 10 in Long Blades
  8249 | D:8      | Reached skill level 5 in Fighting
  8866 | D:8      | Reached *** piety under Hepliaklqana
  8867 | D:8      | Found a staircase to the Lair.
  8871 | D:8      | Noticed a death yak
  8871 | D:8      | Noticed a death yak
  8871 | D:8      | Noticed Psyche
  8872 | D:8      | Noticed a death yak
  8883 | D:8      | Killed Psyche
  8887 | D:8      | Killed a death yak
  8888 | D:8      | Reached skill level 5 in Armour
  8894 | D:8      | Killed a death yak
  8894 | D:8      | Killed a death yak
  8895 | D:8      | Reached XP level 11. HP: 72/72 MP: 6/15
 10210 | D:10     | Entered Level 10 of the Dungeon
 10397 | D:10     | Found an ancient bone altar of Kikubaaqudgha.
 10397 | D:10     | Found a radiant altar of Vehumet.
 10456 | D:10     | Noticed a two-headed ogre
 10469 | D:10     | Killed a two-headed ogre
 10713 | D:10     | Reached **** piety under Hepliaklqana
 10724 | D:10     | Found a runed translucent gate.
 10734 | D:10     | Found a runed translucent gate.
 10734 | D:10     | Found a runed translucent gate.
 10734 | D:10     | Noticed an orc high priest
 10735 | D:10     | Noticed a boulder beetle
 10736 | D:10     | Found an opulent altar of Gozag.
 10736 | D:10     | Noticed Curundu's ghost (novice MiBe)
 10736 | D:10     | Noticed a six-headed hydra
 11095 | D:10     | Found Zuul's Assorted Antiques.
 11394 | D:11     | Noticed a boulder beetle
 11398 | D:11     | Reached XP level 12. HP: 74/80 MP: 16/16
 11404 | D:11     | Killed a boulder beetle
 11407 | D:11     | Noticed a two-headed ogre
 11451 | D:11     | Killed a two-headed ogre
 11452 | D:11     | Reached skill level 5 in Dodging
 11592 | D:11     | Found a staircase to the Orcish Mines.
 11596 | D:11     | Found the +4 robe of Augmentation {Str+4 Int+4 Dex+4}
 11629 | D:11     | Noticed a boulder beetle
 11636 | D:11     | Killed a boulder beetle
 11904 | D:11     | Identified the +1 mace "Ugekeas" {speed, rPois rC+ SInv}
 11958 | D:11     | Found a stormy altar of Qazlal.
 11962 | D:11     | Noticed a boulder beetle
 11973 | D:11     | Killed a boulder beetle
 12182 | D:11     | Noticed a two-headed ogre
 12190 | D:11     | Killed a two-headed ogre
 12340 | Lair:1   | Entered Level 1 of the Lair of Beasts
 12627 | Lair:1   | Found a broken altar of Ashenzari.
 12806 | Lair:1   | Reached XP level 13. HP: 87/89 MP: 17/17
 13439 | Lair:2   | Found a staircase to the Snake Pit.
 14158 | Lair:2   | Reached ***** piety under Hepliaklqana
 14231 | Lair:2   | Reached skill level 1 in Necromancy
 14239 | Lair:2   | Reached skill level 2 in Necromancy
 14375 | Lair:2   | Noticed an eight-headed hydra
 14389 | Lair:2   | Killed an eight-headed hydra
 14390 | Lair:2   | Reached skill level 3 in Necromancy
 14715 | Lair:2   | Found a staircase to the Shoals.
 15188 | Lair:2   | Learned a level 4 spell: Animate Dead
 15195 | Lair:2   | Learned a level 6 spell: Death Channel
 15252 | Lair:3   | Reached skill level 4 in Necromancy
 15420 | Lair:3   | Noticed a five-headed hydra
 15425 | Lair:3   | Killed a five-headed hydra
 15426 | Lair:3   | Noticed a five-headed hydra
 15434 | Lair:3   | Noticed a seven-headed hydra
 15440 | Lair:3   | Killed a five-headed hydra
 15441 | Lair:3   | Reached skill level 5 in Necromancy
 15448 | Lair:3   | Killed a seven-headed hydra
 15467 | Lair:3   | Learned a level 3 spell: Ignite Poison
 15525 | Lair:3   | Reached skill level 6 in Necromancy
 15846 | Lair:3   | You fall into a shaft and drop 2 floors!
 15846 | Lair:5   | Entered Level 5 of the Lair of Beasts
 15854 | Lair:5   | Reached skill level 7 in Necromancy
 15903 | Lair:4   | Noticed a six-headed hydra
 15912 | Lair:4   | Killed a six-headed hydra
 15913 | Lair:4   | Reached XP level 14. HP: 97/97 MP: 18/18
 15947 | Lair:4   | Reached skill level 8 in Necromancy
 16042 | Lair:4   | Reached skill level 9 in Necromancy
 16084 | Lair:4   | Noticed a dire elephant
 16090 | Lair:4   | Killed a dire elephant
 16103 | Lair:4   | Reached skill level 10 in Necromancy
 16322 | Lair:4   | Reached skill level 11 in Necromancy
 16490 | Lair:4   | Identified the +4 plate armour of Wasted Space {rC++ Dex+3
                  | Slay+5}
 17389 | Lair:3   | Reached skill level 12 in Necromancy
 18792 | Lair:5   | Reached XP level 15. HP: 55/102 MP: 3/19
 18803 | Lair:5   | Reached skill level 13 in Necromancy
 18897 | Lair:5   | Found a staircase to the Slime Pits.
 18899 | Lair:5   | Found a viscous altar of Jiyva.
 19195 | Lair:5   | Reached skill level 14 in Necromancy
 19195 | Lair:5   | Reached XP level 16. HP: 108/108 MP: 20/20
 19196 | Lair:5   | Reached skill level 15 in Necromancy
 19196 | Lair:5   | Reached XP level 17. HP: 113/113 MP: 21/21
 19227 | Lair:5   | Reached skill level 16 in Necromancy
 19983 | Orc:1    | Entered Level 1 of the Orcish Mines
 20194 | Orc:2    | Entered Level 2 of the Orcish Mines
 20309 | Orc:2    | Found a staircase to the Elven Halls.
 20310 | Orc:2    | Found Afeaggar's CLEARANCE SALE!.
 20321 | Orc:2    | Bought a +0 helmet of see invisible for 46 gold pieces
 20321 | Orc:2    | Bought a scroll of enchant weapon for 30 gold pieces
 20721 | Orc:1    | Reached ****** piety under Hepliaklqana
 21268 | Orc:2    | Found Cihuhed's Assorted Antiques.
 21268 | Orc:2    | Found Disiqon's Distillery.
 21270 | Orc:2    | Found Camon's Weapon Boutique.
 21270 | Orc:2    | Found Keyhop's Book Emporium.
 21276 | Orc:2    | Bought a scroll labelled LESEWAL RAXIZO for 23 gold pieces
 21283 | Orc:2    | Bought a potion of curing for 33 gold pieces
 21283 | Orc:2    | Bought 2 potions of heal wounds for 110 gold pieces
 21283 | Orc:2    | Bought 2 potions of heal wounds for 110 gold pieces
 21283 | Orc:2    | Bought a potion of curing for 33 gold pieces
 21283 | Orc:2    | Bought a potion of heal wounds for 55 gold pieces
 21288 | Orc:2    | Bought a runed chain mail for 172 gold pieces
 21288 | Orc:2    | Bought a scroll of immolation for 92 gold pieces
 21288 | Orc:2    | Bought a scroll of fear for 92 gold pieces
 21288 | Orc:2    | Bought a potion of might for 92 gold pieces
 22094 | D:13     | Reached skill level 10 in Fighting
 22345 | D:13     | Noticed Snorg
 22350 | D:13     | Killed Snorg
 23506 | D:14     | Found a gate to the Vaults.
 23521 | D:14     | Reached skill level 10 in Armour
 24054 | D:14     | Reached XP level 18. HP: 122/122 MP: 4/22
 24436 | D:15     | Entered Level 15 of the Dungeon
 24505 | D:15     | Found a staircase to the Depths.
 24620 | D:15     | Noticed MuffinSoup's ghost (journeyman OpHW)
 24626 | D:15     | Found a runed translucent gate.
 24626 | D:15     | Found a runed translucent gate.
 24627 | D:15     | Found a runed translucent gate.
 24629 | D:15     | Identified the +0 plate armour of the Fresh God {-Tele rN+
                  | SInv}
 24698 | D:15     | Noticed Josephine
 24705 | D:15     | Killed Josephine
 24743 | D:15     | Reached skill level 17 in Necromancy
 25800 | D:15     | Got Khufu's Precepts of Debased Secrets
 25814 | D:15     | Noticed Nessos
 25828 | D:15     | Killed Nessos
 26866 | Shoals:1 | Entered Level 1 of the Shoals
 27562 | Shoals:1 | Noticed Nikola
 28121 | Lair:2   | Learned a level 2 spell: Passwall
 28291 | Lair:2   | Killed Nikola
 28341 | Shoals:1 | Reached skill level 15 in Long Blades
 31133 | Shoals:3 | Reached skill level 10 in Dodging
 32150 | Shoals:3 | Noticed Bai Suzhen
 32163 | Shoals:3 | Noticed Ilsuiw
 33211 | Shoals:3 | Reached skill level 18 in Necromancy
 33612 | Shoals:2 | Killed Ilsuiw
 34174 | Shoals:4 | Entered Level 4 of the Shoals
 34321 | Shoals:4 | Demolished by an alligator snapping turtle

Illustrated notes

Levels and vault maps discovered:
D:1:      minmay_arrival_plants_in_alcoves, layout_loops_corners
D:2:      layout_loops_ring
D:3:      layout_rooms, nicolae_ashenzari_panopticon,
          nemelex_xobeh_ov_fountains_minmay, nicolae_overflow_crystal_walls,
          gammafunk_temple_overflow_forgotten,
          mainiacjoe_overflow_surrounded_room, st_stairs_3
D:4:      layout_rooms, nicolae_hepliaklqana_monster_ancestors,
          gammafunk_ghost_cemetery, glass_columns_a,
          minmay_shop_enchanted_jewellery, uniq_grinder
D:5:      layout_gridville, minmay_temple_entry_mist,
          chequers_ossuary_entry_cave
D:6:      layout_basic, uniq_crazy_yiuf_cottage, uniq_duvessa
D:7:      layout_loops_ring, okawaru_trees_2, uniq_maggie
D:8:      layout_loops_corners, dpeg_lair_monsters, uniq_psyche
D:9:      layout_long_grid
D:10:     layout_basic, nicolae_overflow_two_pavilions, ebering_ghost_gozag
D:11:     layout_irregular_city, erik_orc_4, chequers_mini_garden,
          nicolae_qazlal_scattered_showers
D:12:     layout_big_octagon, drop_trap,
          hangedman_abyss_or_decor_jellyfish_corner
D:13:     layout_irregular_city, uniq_snorg
D:14:     layout_layer_cave, skrybe_vaults_entry_preservation, moated_statue
D:15:     grunt_enter_depths_giant_problem, layout_loops_corners,
          small_statue_alley_a, biasface_ghost_orc_armoury, uniq_josephine,
          uniq_nessos
Lair:1:   layout_misc_corridors, basic_altar, minmay_lair_oklob_items,
          lemuel_old_faithful
Lair:2:   layout_cellular_growth, minmay_shoals_entry_hut,
          minmay_snake_entry_spellcaster, lemuel_fruit_fields,
          serial_bayou_shore_b
Lair:3:   nzn_winding_woodlands_medium [nzn_winding_woodlands_5x5_closed_star,
          nzn_winding_woodlands_5x15_concentric,
          nzn_winding_woodlands_5x5_default,
          nzn_winding_woodlands_5x5_perimeter,
          nzn_winding_woodlands_center_lodge,
          nzn_winding_woodlands_5x5_checkerboard,
          nzn_winding_woodlands_5x5_cross,
          nzn_winding_woodlands_5x15_split_checker,
          nzn_winding_woodlands_5x5_three], layout_chaotic_city
Lair:4:   mu_elephants_graveyard, layout_gridlike
Lair:5:   gammafunk_lair_ancient_temple, layout_hall_layers, slime_entry_1,
          minivault_11
Shoals:1: layout_shoals, uniq_nikola
Shoals:2: layout_shoals
Shoals:3: layout_shoals, nicolae_shoals_flooded_hall, uniq_bai_suzhen,
          uniq_ilsuiw
Shoals:4: shoals_end_grunt_ice, layout_shoals,
          portal_ice_cave_entry_frozen_things, uniq_polyphemus
Orc:1:    layout_caves
Orc:2:    grunt_orc_tribal_feast, layout_caves, nicolae_shop_clearance

Skill      XL: |  1  2  3  4  5  6  7  8  9 10 11 12 13 14 15 16 17 18 |
---------------+-------------------------------------------------------+-----
Long Blades    | 4 5 6 7 8 9 11 12 13 14 15 | 15.4
Poison Magic   | 2 4 5 8 |  8.2
Armour         | 1 2 3 5 6 8 9 10 11 | 11.3
Fighting       | 3 4 6 8 9 10 11 | 11.6
Spellcasting   | 2 3 |  3.0
Dodging        | 4 6 7 9 10 | 10.3
Necromancy     | 7 12 14 15 16 18 | 18.1
Throwing       | |  2.0

Action                     |  1- 3 |  4- 6 |  7- 9 | 10-12 | 13-15 | 16-18 || total
---------------------------+-------+-------+-------+-------+-------+-------++-------
  Melee: Long sword        |    82 |    74 |   358 |   192 |       |       ||   706
         Punch             |     1 |     2 |     6 |     1 |     1 |       ||    11
         Great sword       |       |       |       |   129 |   262 |   413 ||   804
         Dagger            |       |       |       |       |    29 |       ||    29
  Throw: Dart              |       |     8 |     7 |     4 |     4 |       ||    23
         Throwing net      |       |     3 |     5 |     1 |       |       ||     9
         Javelin           |       |     1 |     2 |       |       |       ||     3
   Cast: Olgreb's Toxic Ra |       |       |       |    40 |    46 |   114 ||   200
         Ignite Poison     |       |       |       |       |    13 |    78 ||    91
         Animate Dead      |       |       |       |       |     5 |    12 ||    17
         Death Channel     |       |       |       |       |     6 |    21 ||    27
 Invoke: Ancestor Life: He |       |       |     1 |       |       |       ||     1
         Recall Ancestor   |       |       |       |     3 |     2 |     2 ||     7
  Evoke: Wand              |       |       |     3 |     5 |     5 |     6 ||    19
         Lightning rod     |       |       |       |       |     5 |     6 ||    11
         Phantom mirror    |       |       |       |       |     1 |     2 ||     3
         Condenser vane    |       |       |       |       |       |     2 ||     2
    Use: Scroll            |     4 |     1 |    15 |     5 |    10 |    20 ||    55
         Potion            |     1 |     4 |     8 |     5 |    10 |    15 ||    43
   Stab: Held in net/web   |       |       |     2 |       |       |       ||     2
         Invisible         |       |       |     3 |     1 |     3 |       ||     7
         Distracted        |       |       |     2 |     6 |     5 |    15 ||    28
         Confused          |       |       |       |    10 |     6 |     1 ||    17
         Sleeping          |       |       |       |       |     1 |     3 ||     4
         Paralysed         |       |       |       |       |     2 |     4 ||     6
 Armour: Leather armour    |     3 |     9 |    13 |    76 |    76 |     1 ||   178
         Ring mail         |    21 |     3 |       |       |       |       ||    24
         Chain mail        |       |    37 |   166 |       |       |       ||   203
         Robe              |       |       |       |     1 |       |   115 ||   116
  Dodge: Dodged            |    55 |    32 |   148 |   166 |   202 |   468 ||  1071
  Block: Other             |       |       |       |       |    95 |   151 ||   246
         Reflection        |       |       |       |       |       |    12 ||    12
